[Event "Budapest IM-B ONE WEEK Feb 2024"]
[Site "Budapest"]
[Date "2024.02.27"]
[Round "3"]
[White "Krizsany, Laszlo"]
[Black "Matyassy, Lazar"]
[Result "1-0"]
[ECO "D91"]
[WhiteElo "2346"]
[BlackElo "2176"]
[Annotator "TA"]
[PlyCount "89"]
[EventDate "2024.02.25"]
[EventType "tourn"]
[EventCountry "HUN"]
[SourceTitle "playchess.com"]
[Source "ChessBase"]
[SourceQuality "1"]
[TimeControl "5400+30"]

1. d4 Nf6 2. c4 g6 3. Nc3 d5 4. Bg5 Ne4 5. Bh4 Nxc3 6. bxc3 Bg7 7. e3 c5 8. cxd5 Qxd5 9. Nf3 Nc6 10. Be2 cxd4 11. cxd4 O-O 12. O-O e5 13. dxe5 Qxd1 14. Rfxd1 Nxe5 15. Nd4 {[%emt 0:01:10] White is slightly better.} Bd7 16. Rab1 Ba4 17. Rdc1 b6 18. h3 Rfc8 19. Ba6 Rc5 20. Be7 $1 Rxc1+ 21. Rxc1 Bf8 22. Rc7 Bxe7 23. Rxe7 Nc6 24. Nxc6 Bxc6 $16 {[%emt 0:00:45][%mdl 4096] Endgame. KRB-KRB} 25. Bc4 Be8 26. Rb7 $1 {[%emt 0:01:12] White has more active pieces.} Rc8 27. Bb3 Ra8 28. Bd5 Rd8 29. e4 Rd7 30. Rb8 Re7 31. Bc6 $1 Kf8 32. f3 $1 Re6 33. Bb5 Re5 34. a4 g5 {[%emt 0:04:25] Black cannot hold the game after this.} (34... f5 $16) 35. Kf2 $18 f6 {[%emt 0:00:23] [#]} 36. Ra8 $1 Kf7 37. Rxa7+ Kg6 38. Bxe8+ Rxe8 {[%emt 0:00:15] [#] KR-KR} 39. Ra6 $1 Rb8 40. Ke3 Kg7 41. Kd3 {[%emt 0:02:27] Black must now prevent Kc4.} Rd8+ $2 (41... h5 42. Kc4 g4 43. hxg4 (43. fxg4 hxg4 44. hxg4 Kf7 $18) 43... hxg4 44. fxg4 Kg6) 42. Kc3 {[%emt 0:00:21] White is clearly winning.} Rd1 (42... Rc8+ $142 43. Kd3 Rb8) 43. Rxb6 Rc1+ 44. Kb4 Rc2 45. g4 {[%emt 0:01:42] Weighted Error Value: White=0.04 (flawless) /Black=0.25 (precise) .  Mistake:       	---       	Black=3      Inaccurate:     	---       	Black=2      OK:         	White=15    	Black=11     Best:        	White=2     	Black=2      Strong:       	White=5     	---} 1-0

[Event "Budapest IM-B ONE WEEK Feb 2024"]
[Site "Budapest"]
[Date "2024.02.27"]
[Round "3"]
[White "Mouhamad, Joachim"]
[Black "Polyik, Peter"]
[Result "1/2-1/2"]
[ECO "B67"]
[WhiteElo "2316"]
[BlackElo "2289"]
[Annotator "TA"]
[PlyCount "114"]
[EventDate "2024.02.25"]
[EventType "tourn"]
[EventCountry "HUN"]
[SourceTitle "playchess.com"]
[Source "ChessBase"]
[SourceQuality "1"]
[TimeControl "5400+30"]

1. e4 c5 2. Nf3 d6 3. d4 cxd4 4. Nxd4 Nf6 5. Nc3 Nc6 6. Bg5 e6 7. Qd2 a6 8. O-O-O Bd7 9. Kb1 Nxd4 {[%emt 0:00:32] Der moderne Zug. B67: Sizilianisch (Richter/Rauser-Angriff).} 10. Qxd4 Be7 11. f4 Bc6 12. f5 Qa5 13. Bc4 exf5 14. Rhf1 fxe4 {[%emt 0:01:52] [#]} 15. Nxe4 $1 Nxe4 16. Qxg7 $146 {[%emt 0:01:09] Bxe7 wäre nun fies.} ({Predecessor:} 16. Bxf7+ Kd7 17. Bxe7 Kxe7 18. Bg6 Qe5 19. Bxe4 Bxe4 20. Rfe1 {½-½ Tang,A (1895)-Espinosa,P (2238) North American-ch U20 2023 (2)}) 16... O-O-O $1 17. Bxe7 Nd2+ $1 {[%emt 0:03:39] [#]} 18. Rxd2 $1 Qxd2 19. Bxd8 Rxd8 20. g4 Be4 21. Qc3 (21. Rxf7 $2 Qe1#) (21. Qxf7 Qxc2+ (21... Bxc2+ 22. Ka1 $11) 22. Ka1 Kb8 $11) 21... Qxc3 (21... Qxh2 22. Bd5+ (22. Bxa6+ Kb8 $14) 22... Kb8 23. Bxe4 $18) 22. bxc3 $11 {[%emt 0:00:08][%mdl 4096] Endspiel. KRB-KRB} d5 23. Bd3 Rd7 24. Kc1 Kd8 25. Rf6 $1 Ke7 26. Rb6 f6 27. Kd2 Kf7 28. Ke3 Re7 29. Kd4 Bf3 30. h3 {[%emt 0:04:54] Weiß steht aktiver.} (30. Bxh7 Bxg4 31. h4 (31. Kxd5 Bf3+ 32. Kd6 Re6+ 33. Kc7 Re5 $11) 31... Bf3 $14) 30... h5 31. gxh5 Bxh5 32. c4 $1 dxc4 33. Bxc4+ Kg6 34. Bd5 {[%emt 0:01:37] Gegen Bf3 gerichtet.} Rd7 {[%emt 0:00:50] [#]} (34... Bd1 $16) 35. c4 $1 $18 (35. Rxb7 Rxd5+ 36. Kxd5 Bf3+ 37. Kd4 Bxb7 $19) 35... Bf3 36. Kc5 Bxd5 37. cxd5 $16 {[%emt 0:00:08] KR-KR} Kf5 $2 (37... Kg7 {war angesagt.} 38. Rb3 Kf8) 38. a4 $18 Rh7 {[%emt 0:00:52] [#]} 39. a5 $2 (39. h4 $1 $18) 39... Rxh3 $14 40. Rxb7 (40. Rb1 $16) 40... Ra3 $1 $11 41. d6 {[%emt 0:03:23] Kc6 ist eine echte Drohung.} Rxa5+ 42. Kc6 {[%emt 0:00:18] Beabsichtigt d7 und Matt.} Ra1 43. d7 {[%emt 0:02:51][%mdl 1024] Weiss hat Kompensation.} Rc1+ 44. Kd6 Rd1+ 45. Ke7 Re1+ 46. Kd6 ({Jedoch nicht} 46. Kf8 Rd1 47. Ke7 Re1+ 48. Kf7 (48. Kf8 Rd1 $16) 48... Rd1 $16) 46... Rd1+ $1 47. Kc7 Rc1+ 48. Kb8 Rd1 49. Kc8 Ke4 $2 (49... Ke6 $1 $11) 50. d8=Q $2 ({Lieber nicht} 50. d8=R Rxd8+ 51. Kxd8 f5 $11) ({Besser ist} 50. Rb1 $18 Rxb1 51. d8=Q (51. d8=R $2 {verliert.} f5 $19)) 50... Rxd8+ 51. Kxd8 {[%emt 0:00:05] KR-KPP} f5 52. Ke7 f4 53. Kf6 {[%emt 0:01:11] Weiss will mit Rf7 Matt setzen.} f3 54. Kg5 {[%emt 0:01:08] jetzt Rf7 und aus.} f2 55. Rf7 Ke3 $1 56. Kg4 {[%emt 0:00:11] Weiss droht Kg3 und Matt.} Ke2 $1 57. Re7+ Kd2 1/2-1/2

[Event "Budapest IM-B ONE WEEK Feb 2024"]
[Site "Budapest"]
[Date "2024.02.27"]
[Round "3"]
[White "Velikic, Adela"]
[Black "Haszon, David"]
[Result "1-0"]
[ECO "D31"]
[WhiteElo "2266"]
[BlackElo "2245"]
[Annotator "TA"]
[PlyCount "75"]
[EventDate "2024.02.25"]
[EventType "tourn"]
[EventCountry "HUN"]
[SourceTitle "playchess.com"]
[Source "ChessBase"]
[SourceQuality "1"]
[TimeControl "5400+30"]

1. d4 d5 2. c4 e6 3. Nc3 a6 4. cxd5 exd5 5. Nf3 h6 6. Bf4 Nf6 7. e3 Bd6 8. Be5 {[%emt 0:00:24] The position is equal.} Be6 9. Bd3 Nc6 10. O-O Bxe5 11. Nxe5 Nxe5 12. dxe5 Ng4 13. Be2 Nxe5 14. f4 Nc4 15. Qd4 f6 $1 (15... Nxb2 16. Qxg7 Ke7 17. f5 $18) 16. e4 $36 {[%emt 0:15:05][%cal Re4d5][%mdl 2048] White has some pressure.} O-O 17. exd5 Nb6 18. Rad1 Bf7 19. Bf3 Nc8 20. Ne4 Nd6 21. Nc5 $1 Nf5 22. Qc3 Qd6 {[%emt 0:16:38] [#] Inhibits Ne6.} (22... Re8 $14) 23. Bg4 (23. Nxb7 Qb6+ 24. Nc5 Rfe8) (23. Kh1 $1 $16) 23... Ne7 $14 24. Be6 Bxe6 (24... Rad8 $14) 25. dxe6 $16 Qc6 26. Nd7 {[%emt 0:01:25] Qxc6 is the strong threat.} Qxc3 27. bxc3 Rfe8 28. f5 {[%emt 0:00:29] White has more active pieces.} c6 29. Nb6 Rad8 {[%emt 0:00:08] And now ...Rxd1 would win.} 30. g4 h5 {[%emt 0:03:10] [#]} 31. h3 $1 $18 (31. gxh5 Rxd1 32. Rxd1 Nxf5 $15) 31... hxg4 32. hxg4 g6 $2 (32... Rxd1 33. Rxd1 g6) 33. Nd7 (33. Rxd8 $142 Rxd8 34. g5 Nxf5 35. gxf6) 33... Kg7 {[%emt 0:00:16] [#]} 34. g5 $1 Ng8 35. gxf6+ $2 (35. Rd3 $18 gxf5 36. gxf6+ Nxf6 37. Rg3+ (37. Rxf5 Rxe6 38. Rg3+ Kf7 $17) 37... Kh6 38. Nxf6 Rxe6 39. Rxf5 Rd1+ 40. Kg2 Re2+ 41. Kh3 Rh1+ 42. Kg4) 35... Nxf6 $14 36. fxg6 (36. Rd3 $14) 36... Rxe6 (36... Nxd7 $1 $11 37. Rf7+ (37. Rxd7+ $2 {too greedy.} Rxd7 38. exd7 Rd8 $17) 37... Kxg6 38. Rfxd7 (38. Rdxd7 Rxd7 39. Rxd7 Rxe6 $11) 38... Rxd7 39. Rxd7 (39. exd7 Rd8 $17) 39... Kf5 (39... Rxe6 40. Rxb7 Re2 41. a4 $11)) 37. Nc5 $1 $16 Ree8 (37... Red6 $16 38. Ne6+ Rxe6 39. Rxd8 Kxg6) 38. Rxd8 {[%emt 0:00:10] Weighted Error Value: White=0.38/Black=0.33.  Loses game:     	---       	Black=1      Missed win:     	White=1     	---        Mistake:       	White=3     	Black=5      Inaccurate:     	White=2     	Black=4      OK:         	White=9     	Black=15     Best:        	White=2     	Black=1      Strong:       	White=2     	Black=1} ({Stronger than} 38. Nxb7 Rxd1 39. Rxd1 Re3 $11) 1-0

[Event "Budapest IM-B ONE WEEK Feb 2024"]
[Site "Budapest"]
[Date "2024.02.27"]
[Round "3"]
[White "Poysti, Nathanael"]
[Black "Nemeth, Zoltan"]
[Result "1-0"]
[ECO "A26"]
[WhiteElo "2163"]
[BlackElo "2194"]
[Annotator "RC"]
[PlyCount "115"]
[EventDate "2024.02.25"]
[EventType "tourn"]
[EventCountry "HUN"]
[SourceTitle "playchess.com"]
[Source "ChessBase"]
[SourceQuality "1"]
[TimeControl "5400+30"]

1. c4 g6 2. g3 Bg7 3. Bg2 e5 4. Nc3 Nc6 5. d3 d6 6. e4 Nge7 7. Nge2 Nd4 8. O-O O-O 9. b4 c6 10. Nxd4 exd4 11. Ne2 Bg4 12. h3 Bxe2 13. Qxe2 Qd7 14. Bg5 f6 15. Bf4 Rae8 16. Qc2 f5 17. Rae1 fxe4 18. Rxe4 d5 19. Re2 dxc4 20. Qxc4+ Nd5 21. Rfe1 Rxe2 22. Rxe2 Rf7 23. Bxd5 cxd5 24. Qc5 b6 25. Qd6 Qf5 26. Re8+ Bf8 27. Qe5 Qxe5 28. Bxe5 Rd7 29. b5 Kf7 30. Rc8 Ke6 31. Bxd4 Bg7 32. Rc6+ Kf5 33. Be3 d4 34. g4+ Ke5 35. f4+ Kd5 36. Bd2 Bf8 37. Kf2 Bc5 38. Rc8 a6 39. a4 axb5 40. axb5 Ra7 41. Rd8+ Ke6 42. Kf3 Ra2 43. Be1 Kf7 44. Rd7+ Kg8 45. f5 Rh2 46. Bg3 Rd2 47. Ke4 Re2+ 48. Kd5 gxf5 49. gxf5 Re3 50. Be5 Rxh3 51. Ke6 Bf8 52. Rxd4 h5 53. Rd8 h4 54. f6 Rf3 55. Bd6 Rxd3 56. Rxf8+ Kh7 57. f7 h3 58. Rh8+ 1-0

[Event "Budapest IM-B ONE WEEK Feb 2024"]
[Site "Budapest"]
[Date "2024.02.27"]
[Round "3"]
[White "Golis, Wiktor"]
[Black "Skytte, Rasmus"]
[Result "0-1"]
[ECO "B01"]
[WhiteElo "2123"]
[BlackElo "2342"]
[Annotator "TA"]
[PlyCount "64"]
[EventDate "2024.02.25"]
[EventType "tourn"]
[EventCountry "HUN"]
[SourceTitle "playchess.com"]
[Source "ChessBase"]
[SourceQuality "1"]
[TimeControl "5400+30"]

1. e4 d5 2. exd5 Qxd5 3. Nc3 Qa5 4. d4 Nf6 5. Nf3 Bf5 6. Ne5 c6 7. Bc4 e6 8. g4 Bg6 9. h4 Nbd7 10. Nxd7 Nxd7 11. h5 Be4 12. O-O Bd5 13. Nxd5 {[%emt 0:01:13] White is slightly better.} cxd5 14. Bd3 Bd6 15. Qf3 h6 16. c3 Rf8 17. a4 O-O-O 18. Be3 f5 19. gxf5 Kb8 20. Rfc1 e5 21. b4 Qc7 {[%emt 0:00:17] ...e4 is the strong threat.} 22. Be2 ({Better is} 22. Qxd5 $14 Nf6 23. Qf3) 22... e4 $11 23. Qg4 Nb6 24. Kh1 (24. a5 $5 Nc4 $8 25. a6 $14 (25. Bxc4 Qxc4 26. a6 Qc8 $11)) 24... Nc4 25. a5 Rf7 26. b5 Qe7 27. Ra4 $2 (27. Bxc4 $11 {and White is okay.} dxc4 28. Rg1) 27... Rdf8 $2 (27... Nxe3 $19 28. fxe3 Rxf5) 28. Bxc4 $15 dxc4 29. b6 $2 {[%emt 0:00:31] [#] Now White is beyond hope.} (29. Rxc4 Rxf5 30. b6 a6 $17) (29. a6 $1 $15) 29... a6 $1 $19 30. Rxc4 Rxf5 {[%emt 0:00:14][%cal Oe7f7] Hoping for ...Qf7!} 31. Ra4 $2 (31. Rc5 Bxc5 32. dxc5) 31... Qf7 32. Kg2 {[%emt 0:00:29] [#]} Rg5 $1 {[%emt 0:05:35][%mdl 512] Weighted Error Value: White=0.95/Black=0.29 (precise) .  Loses game:     	White=2     	---        Missed win:     	---       	Black=1      Mistake:       	White=2     	---        Inaccurate:     	White=2     	Black=2      OK:         	White=9     	Black=10     Best:        	White=2     	Black=1      Strong:       	---       	Black=1} 0-1

[Event "Budapest IM-B ONE WEEK Feb 2024"]
[Site "Budapest"]
[Date "2024.02.28"]
[Round "4.1"]
[White "Skytte, Rasmus"]
[Black "Nemeth, Zoltan"]
[Result "1/2-1/2"]
[ECO "C42"]
[WhiteElo "2342"]
[BlackElo "2194"]
[Annotator "TA"]
[PlyCount "27"]
[EventDate "2024.02.25"]
[EventType "tourn"]
[EventCountry "HUN"]
[SourceTitle "playchess.com"]
[Source "ChessBase"]
[SourceQuality "1"]
[TimeControl "5400+30"]

1. e4 e5 2. Nf3 Nf6 3. Nxe5 d6 4. Nf3 Nxe4 5. d4 d5 6. Bd3 Nc6 7. O-O Be7 8. Nbd2 Nxd2 9. Bxd2 Bg4 10. c3 O-O 11. h3 Bh5 12. g3 Bg6 13. Bf4 Bd6 14. Bxd6 {[%emt 0:02:12] White took control after the opening.   Weighted Error Value: White=0.09 (flawless) /Black=0.12 (very precise) .  Inaccurate:     	White=1     	Black=1      OK:         	White=1     	Black=1} 1/2-1/2

[Event "Budapest IM-B ONE WEEK Feb 2024"]
[Site "Budapest"]
[Date "2024.02.28"]
[Round "4.2"]
[White "Matyassy, Lazar"]
[Black "Poysti, Nathanael"]
[Result "1/2-1/2"]
[ECO "A46"]
[WhiteElo "2176"]
[BlackElo "2163"]
[Annotator "RC"]
[PlyCount "49"]
[EventDate "2024.02.25"]
[EventType "tourn"]
[EventCountry "HUN"]
[SourceTitle "playchess.com"]
[Source "ChessBase"]
[SourceQuality "1"]
[TimeControl "5400+30"]

1. d4 Nf6 2. Nf3 e6 3. Bf4 d5 4. e3 Bd6 5. Ne5 O-O 6. Nd2 b6 7. g4 Bb7 8. Qf3 c5 9. h4 Nc6 10. g5 Ne4 11. Nxe4 dxe4 12. Qg3 Qc7 13. Nxc6 Bxf4 14. Qxf4 Qxc6 15. O-O-O Rac8 16. c3 Qa4 17. a3 Rfd8 18. Bg2 cxd4 19. exd4 Rxd4 20. Rxd4 Qxd4 21. Rd1 Rxc3+ 22. bxc3 Qxc3+ 23. Kb1 Qb3+ 24. Kc1 Qc3+ 25. Kb1 1/2-1/2

[Event "Budapest IM-B ONE WEEK Feb 2024"]
[Site "Budapest"]
[Date "2024.02.28"]
[Round "4.3"]
[White "Haszon, David"]
[Black "Krizsany, Laszlo"]
[Result "1/2-1/2"]
[ECO "C01"]
[WhiteElo "2245"]
[BlackElo "2346"]
[Annotator "TA"]
[PlyCount "20"]
[EventDate "2024.02.25"]
[EventType "tourn"]
[EventCountry "HUN"]
[SourceTitle "playchess.com"]
[Source "ChessBase"]
[SourceQuality "1"]
[TimeControl "5400+30"]

1. e4 e6 2. d4 d5 3. exd5 exd5 4. Nf3 Bd6 5. c4 dxc4 6. Bxc4 Nf6 7. Qe2+ Qe7 8. Qxe7+ Kxe7 9. Nc3 Be6 10. Bxe6 fxe6 {[%emt 0:00:16] A rather calm draw.   Weighted Error Value: White=0.11 (very precise) /Black=0.10 (very precise) .  Inaccurate:     	---       	Black=1      OK:         	White=1     	Black=1} 1/2-1/2

[Event "Budapest IM-B ONE WEEK Feb 2024"]
[Site "Budapest"]
[Date "2024.02.28"]
[Round "4.4"]
[White "Polyik, Peter"]
[Black "Velikic, Adela"]
[Result "1-0"]
[ECO "A13"]
[WhiteElo "2289"]
[BlackElo "2266"]
[Annotator "TA"]
[PlyCount "89"]
[EventDate "2024.02.25"]
[EventType "tourn"]
[EventCountry "HUN"]
[SourceTitle "playchess.com"]
[Source "ChessBase"]
[SourceQuality "1"]
[TimeControl "5400+30"]

1. c4 e6 2. g3 d5 3. Bg2 d4 4. Nf3 Nc6 5. O-O Bc5 6. d3 Nf6 7. Nbd2 O-O 8. Nb3 {[%emt 0:01:12] The position is equal.} Be7 9. e3 dxe3 10. Bxe3 Ng4 11. Bc5 Bxc5 12. Nxc5 Rb8 13. d4 b6 14. Ne4 Nf6 15. Nc3 Bb7 16. Re1 Ne7 17. Qd3 c5 18. Rad1 cxd4 19. Nxd4 Bxg2 20. Kxg2 Qc8 21. b3 Rd8 22. Qf3 a6 23. Nc2 b5 24. Rxd8+ Qxd8 25. Rd1 Qc8 26. Ne3 h6 27. h4 Nc6 28. Ne4 Nxe4 29. Qxe4 Nb4 30. a3 f5 31. Qf4 $36 {[%emt 0:02:30][%mdl 2048] White is really pushing.} Nc6 32. b4 (32. Rd6 $16) 32... bxc4 33. Nxc4 Ne7 {[%emt 0:00:28] [#]} (33... Kh7 $142) 34. Qd6 $1 $16 {[%emt 0:01:57] White is much more active. Black is weak on the dark squares} Qc6+ (34... Nd5 $16 {is a better defense.}) 35. Kg1 Rc8 (35... Re8) 36. Qxe7 $18 {[%emt 0:02:18][%cal Od1d7] Threatens to win with Rd7!} Qxc4 {[%emt 0:00:08][%mdl 4096] Endgame. KQR-KQR} 37. Rd7 Qc1+ 38. Kg2 Qc3 39. Qxe6+ Kh8 40. Qxf5 Qxa3 41. Qe5 Rg8 42. Rd6 {[%emt 0:00:13][%cal Rd6h6] [#]} Rf8 43. Rxh6+ {[%emt 0:00:31] White mates.} Kg8 44. Qd5+ Rf7 45. Rd6 {[%emt 0:00:24] Weighted Error Value: White=0.06 (flawless) /Black=0.39.  Mistake:       	White=1     	Black=3      Inaccurate:     	---       	Black=4      OK:         	White=17    	Black=12     Best:        	White=2     	Black=1      Strong:       	White=1     	---} 1-0

[Event "Budapest IM-B ONE WEEK Feb 2024"]
[Site "Budapest"]
[Date "2024.02.28"]
[Round "4.5"]
[White "Golis, Wiktor"]
[Black "Mouhamad, Joachim"]
[Result "1/2-1/2"]
[ECO "B66"]
[WhiteElo "2123"]
[BlackElo "2316"]
[Annotator "TA"]
[PlyCount "93"]
[EventDate "2024.02.25"]
[EventType "tourn"]
[EventCountry "HUN"]
[SourceTitle "playchess.com"]
[Source "ChessBase"]
[SourceQuality "1"]
[TimeControl "5400+30"]

1. e4 c5 2. Nf3 d6 3. d4 cxd4 4. Nxd4 Nf6 5. Nc3 Nc6 6. Bg5 e6 7. Qd2 a6 8. Nxc6 bxc6 9. O-O-O h6 10. Bf4 d5 $1 11. e5 (11. f3 $11) 11... Nd7 $15 12. Na4 Nc5 (12... c5 $17) 13. Nxc5 $11 Bxc5 14. Be3 Qb6 15. Bxc5 Qxc5 16. f4 Rb8 17. h4 Qb6 18. Qc3 (18. c4 $142) 18... Qb4 19. Qxb4 Rxb4 {[%emt 0:00:03] [#]} 20. c4 $1 O-O (20... a5 21. Rh3) 21. Rh3 f6 22. a3 Rb7 23. cxd5 cxd5 24. exf6 (24. Bxa6 $2 Rc7+ 25. Kb1 Bxa6 $19) 24... Rc7+ 25. Kd2 gxf6 26. Rg3+ Kf7 27. Bd3 Rg8 28. Rxg8 Kxg8 {[%emt 0:00:02][%mdl 4096] Endspiel. KRB-KRB} 29. Ke3 e5 30. Bb1 Bb7 31. Bf5 Kf7 {[%emt 0:02:51] Verhindert Be6+.} 32. g4 Rc4 33. fxe5 (33. Rf1 $1 $11 Kg7 34. Be6) 33... fxe5 $15 34. Rf1 {[%emt 0:00:48] Schwarz muss nun Bd3+ beachten.} Ke7 35. g5 $2 (35. Kd2 $15) 35... Rxh4 $19 36. g6 (36. Bg6 {kämpft weiter.} d4+ (36... hxg5 37. Rf7+ Kd6 38. Rxb7 $11) 37. Kd2 Rh2+ (37... hxg5 38. Rf7+ Ke6 39. Rxb7 $11) 38. Ke1) 36... d4+ 37. Kd3 {[%emt 0:00:40] [#]} Bd5 $2 (37... Rh2 $1 $19 38. Bg4 Bd5 (38... Rxb2 $2 {ist das falsche Schlagen.} 39. Rf7+ Ke8 40. Be6 $18)) 38. g7 $1 $15 Rh5 {[%emt 0:01:36] Und ...Rg5 würde nun gewinnen.} 39. Be4 $1 Bxe4+ 40. Kxe4 {[%emt 0:00:01] KR-KR. Die Stellung ist ausgeglichen.} Rg5 {[%emt 0:00:12][%cal Oe7e6] ...Ke6! ist eine echte Drohung.} 41. Rh1 Rxg7 {[%emt 0:01:54] Droht ...Kf6 und aus.} 42. Kxe5 d3 43. Rxh6 Rg2 {[%emt 0:00:46] Zielt auf ...Re2+ ab.} 44. Kd4 Rxb2 45. Kxd3 Rb3+ 46. Kc4 Rxa3 47. Kc5 {[%emt 0:00:50] Gewichteter Fehlerwert: Weiß=0.20 (präzise) /Schwarz=0.18 (sehr präzise) .  Verlustzug:     	Weiß=1     	---        Fehler:       	Weiß=3     	Schwarz=2     Ungenau:       	Weiß=2     	Schwarz=5     OK:         	Weiß=14    	Schwarz=9     Bester:       	Weiß=1     	Schwarz=6     Stark:        	Weiß=2     	---} 1/2-1/2

[Event "Budapest IM-B ONE WEEK Feb 2024"]
[Site "Budapest"]
[Date "2024.02.28"]
[Round "5.1"]
[White "Mouhamad, Joachim"]
[Black "Skytte, Rasmus"]
[Result "1/2-1/2"]
[ECO "B06"]
[WhiteElo "2316"]
[BlackElo "2342"]
[Annotator "TA"]
[PlyCount "63"]
[EventDate "2024.02.25"]
[EventType "tourn"]
[EventCountry "HUN"]
[SourceTitle "playchess.com"]
[Source "ChessBase"]
[SourceQuality "1"]
[TimeControl "5400+30"]

1. e4 g6 2. d4 Bg7 3. Nf3 d6 4. Be2 Nd7 5. O-O e5 6. dxe5 dxe5 7. Bc4 {[%emt 0:00:22] [#] Ng5 would now be deadly.} Ngf6 8. a4 O-O 9. Nc3 {[%emt 0:02:17] White is slightly better.} c6 10. Qd6 Ne8 11. Qd3 {[%emt 0:01:25] White is much more active.} Nc7 12. Rd1 Qe7 13. Qd6 Qxd6 14. Rxd6 Nc5 15. Be3 N5e6 16. a5 Rd8 17. Rxd8+ Nxd8 18. Na4 Nde6 19. Rd1 Bf6 20. h3 Kg7 21. b3 h5 22. Nc5 Nxc5 23. Bxc5 Be6 24. Bd6 Rd8 {[%emt 0:01:53] Strongly threatening ...Ne8.} 25. Be2 (25. Nxe5 $2 Rxd6 26. Rxd6 Bxe5 $19) 25... Nb5 26. Bxb5 (26. Bxe5 Rxd1+ 27. Bxd1 Nc3 $17) 26... cxb5 27. Kf1 (27. Nxe5 $2 Be7 (27... Rxd6 $2 28. Rxd6 Bxe5 29. Rd8 $19) 28. Nxf7 Kxf7 $19) 27... g5 28. Rd3 (28. Nxe5 $2 Be7 (28... Rxd6 $2 29. Rxd6 Bxe5 30. Rd8 $19) 29. Bxe7 Rxd1+ 30. Ke2 Rc1 $19) 28... g4 29. hxg4 (29. Bxe5 $2 {too greedy.} Rxd3 30. Bxf6+ Kxf6 $19) (29. Nxe5 $2 Rxd6 30. Rxd6 Bxe5 $19) 29... hxg4 30. Nxe5 {[%emt 0:00:25] [#]} (30. Bxe5 $2 {loses.} Rxd3 31. cxd3 gxf3 $19) (30. Nh2 $11 {and White is okay.}) 30... Rxd6 $1 $19 31. Rxd6 Bxe5 32. Rd8 {[%emt 0:01:26] Weighted Error Value: White=0.19 (very precise) /Black=0.07 (flawless) .  Loses game:     	White=1     	---        Inaccurate:     	White=2     	Black=3      OK:         	White=12    	Black=12     Brilliant:      	---       	Black=1} 1/2-1/2

[Event "Budapest IM-B ONE WEEK Feb 2024"]
[Site "Budapest"]
[Date "2024.02.28"]
[Round "5.2"]
[White "Velikic, Adela"]
[Black "Golis, Wiktor"]
[Result "1-0"]
[ECO "D45"]
[WhiteElo "2266"]
[BlackElo "2123"]
[Annotator "TA"]
[PlyCount "95"]
[EventDate "2024.02.25"]
[EventType "tourn"]
[EventCountry "HUN"]
[SourceTitle "playchess.com"]
[Source "ChessBase"]
[SourceQuality "1"]
[TimeControl "5400+30"]

1. c4 e6 2. Nc3 d5 3. d4 c6 4. Nf3 Nf6 5. e3 Nbd7 6. Qc2 Bd6 7. Bd3 dxc4 8. Bxc4 b5 9. Bd3 Bb7 10. O-O O-O 11. a3 h6 12. h3 Qe7 (12... a6 $11) 13. e4 $14 {[%emt 0:07:21] Threatens to win with e5.} e5 {[%emt 0:00:47] White is slightly better.} 14. Be3 a6 15. Nh4 {[%emt 0:12:34][%cal Bf3h4,Bh4f5,Bf5d4][%mdl 32] Hoping for Nf5.} Bb8 (15... g6 $14) 16. Nf5 $16 Qe6 17. Rad1 exd4 18. Nxd4 Qe8 19. Nf5 c5 (19... Ne5 $142 20. f4 Nxd3) 20. Qc1 Qe5 21. f4 {[%emt 0:02:28] Active counter play!} Qe6 22. e5 Nh5 23. g4 g6 (23... c4 {keeps fighting.}) 24. Nxh6+ $18 Kg7 25. Be4 Ra7 26. Rf3 {[%emt 0:06:39] Dodges Ng3} f5 27. Bxb7 Rxb7 28. Nxf5+ gxf5 29. gxh5 Kh7 30. Kf2 Rg8 31. Rg1 Rxg1 32. Qxg1 b4 {[%emt 0:00:11] [#]} 33. Qg6+ Qxg6 34. hxg6+ Kxg6 35. Nd5 {[%emt 0:00:42] aiming for e6.} bxa3 36. bxa3 {[%emt 0:00:01] Strongly threatening e6.} Kf7 37. Rg3 ({White should try} 37. Ke2 $16) 37... Ke6 $11 38. Nc3 Rb2+ $2 {[%emt 0:00:43][%mdl 8192] [#] This move loses the game for Black.} (38... Nxe5 $1 $11 {and Black is okay.} 39. fxe5 Bxe5) 39. Ne2 $1 $18 Kf7 40. Rg5 c4 (40... Bxe5 {was necessary.} 41. fxe5 Nxe5 42. Rxf5+ (42. Bxc5 Kf6 $18) 42... Ke6) 41. Bd4 {[%emt 0:00:22] White is clearly winning.} Rb3 42. Rxf5+ Ke6 43. Rh5 Rxa3 (43... Kd5 $142 44. Rh8 Rxa3) 44. f5+ Kd5 45. e6 {[%emt 0:00:16][%cal Oe6e7] Black must now prevent e7!} Nf6 46. Bxf6 Ba7+ 47. Kg2 Re3 48. Nc3+ {[%emt 0:00:33] Weighted Error Value: White=0.50/Black=0.56.  Loses game:     	---       	Black=1      Mistake:       	White=2     	Black=6      Inaccurate:     	White=2     	---        OK:         	White=13    	Black=8      Best:        	White=3     	Black=2      Strong:       	White=1     	---} 1-0